 Dungeon Crawl Stone Soup version 0.29.1-15-g9cfb28693d (webtiles) character file.

Game seed: 2300519403963918626

80 hawla the Firebug (level 4, -6/33 HPs)
             Began as a Meteoran Fire Elementalist on Apr 16, 2023.
             Mangled by Sigmund
             ... wielding a +0 scythe
              (11 damage)
             ... on level 2 of the Dungeon.
             The game lasted 00:03:30 (461 turns).

hawla the Firebug (Meteoran Fire Elementalist)       Turns: 461, Time: 00:03:30

Health: -6/33      AC:  2    Str:  9    XL:     4   Next: 98%
Magic:  10/10      EV: 12    Int: 19    God:
Gold:   53         SH:  0    Dex: 14    Spells: 9/10 levels left

rFire   . . .      SeeInvis .   (no weapon)
rCold   . . .      Faith    .   (no shield)
rNeg    . . .      Spirit   .   a - +0 robe
rPois   .          Reflect  .   (no helmet)
rElec   .          Harm     .   (no cloak)
rCorr   .          Rampage  .   (no gloves)
Will    .....                   (no boots)
Stlth   +.........              (no amulet)
HPRegen 0.11/turn               (no ring)
MPRegen 0.12/turn               (no ring)

@: confused, glowing
A: sense surroundings 1, otherworldly, glowing, explore regen
a: no special abilities


You were on level 2 of the Dungeon.
You visited 1 branch of the dungeon, and saw 2 of its levels.

You collected 53 gold pieces.

Inventory:

Armour
 a - a +0 robe (worn)
Scrolls
 c - 3 scrolls of identify {unknown}
 d - 4 scrolls of poison {unknown}


   Skills:
 + Level 2.6 Dodging
 + Level 1.5 Stealth
 + Level 3.9 Spellcasting
 + Level 2.9 Conjurations
 + Level 4.3 Fire Magic


You had 9 spell levels left.
You knew the following spells:

 Your Spells              Type           Power      Damage    Failure   Level
a - Foxfire               Conj/Fire      68%        2x1d7     3%          1

Your spell library contained the following spells:

 Spells                   Type           Power      Damage    Failure   Level
 Scorch                   Fire           40%        2d7       3%          2
 Conjure Flame            Conj/Fire      17%        6-21      10%         3
 Inner Flame              Hex/Fire       11%        N/A       17%         3
 Flame Wave               Conj/Fire      17%        2d7       30%         4


Dungeon Overview and Level Annotations

Branches:
Dungeon (2/15) Zot: 738

Altars:

Annotations:
D:2 Sigmund


Innate Abilities, Weirdness & Mutations

You passively map a small area around you.
You are easily found by Zot.
You glow in the dark.
You regain HP and MP as you explore.


Message History

Jessica is severely wounded.
You barely miss Jessica.
Jessica is severely wounded.
The foxfire hits Jessica.
You kill Jessica!
Things that are here:
a +0 club; a +0 robe; the human corpse of Jessica Sigmund the Dreaded comes into view.
He is wielding a +0 scythe.
Sigmund shouts!
Found 14 gold pieces.
Sigmund is nearby!
Memorise Scorch, consuming 2 spell levels and leaving 7?
You start memorising the spell.
You continue memorising.
Sigmund points at you and mumbles some strange words.
Your memorisation is interrupted.
The magic dart hits you!
Unknown command.
Memorise Scorch, consuming 2 spell levels and leaving 7?
You start memorising the spell.
You continue memorising. x2
Sigmund gestures at you while chanting.
Your memorisation is interrupted.
You are confused.
Unknown command.
You're too confused to cast spells.
Sorry, you're not good enough to have a special ability.
You aren't carrying any potions.
Found a stone staircase leading down.
Sigmund barely misses you.
You bump into the rock wall.
Sigmund screams, "You will never...
NEVER!!!"
Sigmund points at you and mumbles some strange words.
The puff of flame hits you!
You bump into the rock wall.
Sigmund casts a spell at you.
You are more confused.
You bump into the rock wall.
Sigmund points at you and mumbles some strange words.
The magic dart hits you!
* * * LOW HITPOINT WARNING * * *
You bump into the rock wall.
Sigmund hits you from afar with a +0 scythe!
You die...

########## ###@....$..#
#....#####.# *
#.#.@.....>.
##############.#.##......
, , ..........).##.#.#
.###^# ...########.##.#.#
# *, ##.# ##.##.#.# , #
#######...#.#.##, * *
##.........#..#...# # ,*


You could see Sigmund.

Vanquished Creatures
  Jessica (D:2)
  2 adders (D:2)
  4 dart slugs (D:1)
  An endoplasm (D:2)
  A giant cockroach (D:2)
  A goblin (D:2)
  2 hobgoblins (D:1)
  4 jackals (D:2)
  2 quokkas
  A ball python (D:2)
  2 bats (D:2)
  2 frilled lizards (D:2)
  3 kobolds
  5 rats
31 creatures vanquished.

Vanquished Creatures (others)
  67 foxfires
67 creatures vanquished.

Grand Total: 98 creatures vanquished

Notes
Turn   | Place    | Note
-------+----------+-------------------------------------------
     0 | D:1      | hawla the Meteoran Fire Elementalist began the quest for
                  | the Orb.
     0 | D:1      | Reached XP level 1. HP: 14/14 MP: 5/5
    64 | D:1      | Reached XP level 2. HP: 13/20 MP: 0/6
    89 | D:1      | Reached skill level 4 in Fire Magic
    90 | D:1      | HP: 1/20 [dart slug (2)]
   181 | D:1      | Reached XP level 3. HP: 26/26 MP: 4/8
   370 | D:2      | Reached XP level 4. HP: 17/33 MP: 5/10
   433 | D:2      | Noticed Jessica
   436 | D:2      | Killed Jessica
   442 | D:2      | Noticed Sigmund
   461 | D:2      | Mangled by Sigmund

Illustrated notes

Levels and vault maps discovered:
D:1:      evilmike_arrival_plus, layout_rooms, shapermc_ecumenical_altar_gd
D:2:      layout_loops_ring, uniq_jessica, uniq_sigmund

Skill      XL: |  1  2  3 |
---------------+----------+-----
Spellcasting   | 3 |  3.9
Fire Magic     | 4 |  4.3
Conjurations   | 2 |  2.9
Dodging        | |  2.6
Stealth        | |  1.5

Action                   |  1- 3 |  4- 6 || total
-------------------------+-------+-------++-------
Melee: Unarmed           |     8 |     2 ||    10
 Cast: Foxfire           |    37 |     8 ||    45
  Use: Potion            |     1 |       ||     1
Armor: Robe              |    14 |     1 ||    15
Dodge: Dodged            |    20 |     5 ||    25
